 Dungeon Crawl Stone Soup version 0.21.1-1-g345015f (webtiles) character file.

398402 inc the Intangible (level 21, -3/137 HPs)
             Began as a Felid Monk on Mar 14, 2018.
             Was the Champion of Ru.
             Slain by an iron troll (29 damage)
             ... on level 1 of the Depths.
             The game lasted 03:15:10 (63998 turns).

inc the Intangible (Felid Monk)                    Turns: 63998, Time: 03:15:11

Health: -3/137     AC: 25    Str: 14      XL:     21   Next: 90%
Magic:  0/31       EV: 47    Int: 16 (18) God:    Ru [******]
Gold:   4547       SH:  0    Dex: 24      Spells: 13/36 levels left
                                        Lives:  0   Deaths: 6

rFire    + . .     SeeInvis +     - Unarmed
rCold    + . .     Gourm    .   (shield unavailable)
rNeg     + . .     Faith    .   (armour unavailable)
rPois    ∞         Spirit   +   (helmet unavailable)
rElec    +         Reflect  .   (cloak unavailable)
rCorr    .         Harm     .   (gloves unavailable)
MR       +++..                  (boots unavailable)
Stlth    +++++.....             N - amulet of guardian spirit
HPRegen  0.00/turn              E - ring of Makhleb's Whim {EV+4 Str+2 Slay+2}
MPRegen  0.22/turn              K - ring "Qothruad" {+Blink rElec rC+ MR+}

@: mighty, exhausted, statue-form, hasted
A: very small, no armour, no weapons or thrown items, stealth, claws 1, fangs 3,
see invisible, carnivore, clever 1, fire resistance 1, low mp 1, inhibited
regeneration, slow metabolism 1, subdued magic 1, inability to use devices, no
air magic, no charms magic, no necromancy magic, magic vulnerability 1, sharp
paws, missing an eye
}: 3/15 runes: barnacled, silver, gossamer
a: End Transformation, Draw Out Power, Power Leap, Apocalypse, Renounce Religion


You were on level 1 of the Depths.
You worshipped Ru.
Ru was exalted by your worship.
You were hungry.
You were a stone statue.
You visited 8 branches of the dungeon, and saw 40 of its levels.
You also visited: Ossuary, Ice Cave and Volcano.

You collected 7000 gold pieces.
You spent 2453 gold pieces at shops.

Inventory:

Jewellery
 h - an uncursed amulet of regeneration
 r - the amulet "Dyim" {RegenMP -Tele Str+2 Int-3 Dex+6}
   (You took it off a deep elf death mage on level 3 of the Elven Halls)

   [amulet of magic regeneration]

   It increases your magic regeneration.
   It affects your strength (+2).
   It affects your intelligence (-3).
   It affects your dexterity (+6).
   It prevents most forms of teleportation.
 t - an uncursed ring of magical power
 z - an uncursed ring of positive energy
 B - an uncursed ring of protection from fire
 E - the ring of Makhleb's Whim (left paw) {EV+4 Str+2 Slay+2}
   (You acquired it on level 11 of the Dungeon)

   [ring of evasion]

   It affects your evasion (+4).
   It affects your strength (+2).
   It affects your accuracy and damage with ranged weapons and melee attacks
   (+2).
 F - an uncursed ring of resist corrosion
 J - an uncursed amulet of magic regeneration
 K - the ring "Qothruad" (right paw) {+Blink rElec rC+ MR+}
   (You took it off an orc on level 13 of the Dungeon)

   [ring of protection from magic]

   It protects you from cold.
   It insulates you from electricity.
   It affects your resistance to hostile enchantments.
   It lets you blink.
 N - an amulet of guardian spirit (around neck)
 S - an uncursed ring of wizardry
 W - an uncursed ring of protection from cold
Wands
 y - a wand of digging (20)
Scrolls
 b - 16 scrolls of amnesia
 d - 13 scrolls of teleportation
 k - 5 scrolls of magic mapping
 l - 5 scrolls of fear
 n - 2 scrolls of holy word
 o - 4 scrolls of fog
 s - 15 scrolls of remove curse
 v - 8 scrolls of immolation
 L - 3 scrolls of blinking
 T - a scroll of summoning
 U - 2 scrolls of vulnerability
 Y - 4 scrolls of silence
 Z - 15 scrolls of identify
Potions
 c - a potion of heal wounds
 f - a potion of might
 g - 4 potions of haste
 i - 8 potions of magic
 j - 9 potions of flight
 m - 4 potions of resistance
 p - 2 potions of brilliance
 q - a potion of mutation
 w - 5 potions of curing
 D - 7 potions of lignification
 G - 4 potions of ambrosia
 M - 3 potions of berserk rage
 P - 2 potions of cancellation
Books
 e - a book of Debilitation

   Spells                             Type                      Level
   a - Corona                         Hexes                        1
   b - Slow                           Hexes                        2
   c - Inner Flame                    Hexes/Fire                   3
   d - Portal Projectile              Hexes/Translocation          3
   e - Cause Fear                     Hexes                        4
   f - Leda's Liquefaction            Hexes/Earth                  4
 u - the Almanac of the Igneous Traveller
   (You found it on level 3 of the Elven Halls)

   Spells                             Type                      Level
   a - Apportation                    Translocation                1
   b - Conjure Flame                  Conjuration/Fire             3
   c - Recall                         Summoning/Translocation      3
   d - Controlled Blink               Translocation                8
 x - a book of the Earth

   Spells                             Type                      Level
   a - Leda's Liquefaction            Hexes/Earth                  4
   b - Bolt of Magma                  Conjuration/Fire/Earth       5
   c - Statue Form                    Transmutation/Earth          6
   d - Iron Shot                      Conjuration/Earth            6
   e - Shatter                        Earth                        9
 A - a book of Maledictions

   Spells                             Type                      Level
   a - Corona                         Hexes                        1
   b - Ensorcelled Hibernation        Hexes/Ice                    2
   c - Confuse                        Hexes                        3
   d - Tukima's Dance                 Hexes                        3
   e - Dazzling Spray                 Conjuration/Hexes            3
 C - a book of Changes

   Spells                             Type                      Level
   a - Beastly Appendage              Transmutation                1
   b - Sticks to Snakes               Transmutation                2
   c - Spider Form                    Transmutation/Poison         3
   d - Ice Form                       Ice/Transmutation            4
   e - Blade Hands                    Transmutation                5
 H - a book of Spatial Translocations

   Spells                             Type                      Level
   a - Blink                          Translocation                2
   b - Shroud of Golubria             Charms/Translocation         2
   c - Lesser Beckoning               Translocation                3
   d - Gell's Gravitas                Translocation                3
   e - Teleport Other                 Translocation                3
   f - Passage of Golubria            Translocation                4
 I - a book of Party Tricks

   Spells                             Type                      Level
   a - Summon Butterflies             Summoning                    1
   b - Apportation                    Translocation                1
   c - Lesser Beckoning               Translocation                3
   d - Tukima's Dance                 Hexes                        3
   e - Alistair's Intoxication        Transmutation/Poison         5
   f - Invisibility                   Hexes                        6
 R - a book of Transfigurations

   Spells                             Type                      Level
   a - Irradiate                      Conjuration/Transmutation    5
   b - Statue Form                    Transmutation/Earth          6
   c - Hydra Form                     Transmutation                6
   d - Dragon Form                    Transmutation                7
 V - a book of Dreams

   Spells                             Type                      Level
   a - Ensorcelled Hibernation        Hexes/Ice                    2
   b - Borgnjor's Vile Clutch         Necromancy/Earth             5
   c - Silence                        Hexes/Air                    5
   d - Darkness                       Hexes                        6
   e - Shadow Creatures               Summoning                    6
 X - Cygoest's Disquisition on the Blistering Rocks
   (You found it on level 5 of the Vaults)

   Spells                             Type                      Level
   a - Sandblast                      Earth                        1
   b - Bolt of Magma                  Conjuration/Fire/Earth       5
   c - Fireball                       Conjuration/Fire             5
   d - Iron Shot                      Conjuration/Earth            6
Comestibles
 a - 73 rations


   Skills:
 - Level 18.7 Fighting
 O Level 27 Dodging
 - Level 11.1 Stealth
 - Level 20.3 Unarmed Combat
 - Level 8.4 Spellcasting
 + Level 16.2 Transmutations
 - Level 12.4 Earth Magic


You had 13 spell levels left.
You knew the following spells:

 Your Spells              Type           Power        Failure   Level  Hunger
a - Statue Form           Tmut/Erth      #####....    3%          6    ######.
b - Blade Hands           Tmut           #####.....   1%          5    #####..
c - Passwall              Tmut/Erth      #####.....   1%          2    None
d - Summon Butterflies    Summ           #.......     9%          1    None
e - Blink                 Tloc           N/A          13%         2    None
f - Dragon Form           Tmut           #####.....   9%          7    #######


Dungeon Overview and Level Annotations

Branches:
Dungeon (15/15)            Temple (0/1) D:6            Lair (6/6) D:11
 Shoals (4/4) Lair:4       Spider (4/4) Lair:3        Slime (0/5) Lair:6
    Orc (2/2) D:12            Elf (3/3) Orc:2        Vaults (5/5) D:14
  Crypt (0/3) Vaults:2     Depths (1/5) D:15

Altars:
Cheibriados
Dithmenos
Gozag
Hepliaklqana
Makhleb
Okawaru
Ru
Sif Muna
Trog
Uskayaw
Vehumet
Wu Jian
Xom
Yredelemnul
Zin
Jiyva

Shops:
D:10 *%}*   D:11 =   D:12 [*(??   D:15 }*   Orc:1 :   Orc:2 ?*%[}   Elf:2 :
Vaults:3 %   Depths:1 (

Portals:
Hell: Lair:6
Trove: Vaults:1 (give 8 potions of agility)

Annotations:
D:3 Natasha; jazmu's ghost, amateur DsSk
D:4 Curus's ghost, amateur DsGl
Shoals:4 exclusion: Roxanne, Roxanne


Innate Abilities, Weirdness & Mutations

You cannot wear armour.
You are incapable of wielding weapons or throwing items.
Your paws allow you to move quietly. (Stealth)
You have sharp claws.
You have razor-sharp teeth.
You have supernaturally acute eyesight. (SInv)
You are carnivorous and can eat meat at any time.
((You cover ground quickly.))
Your magical capacity is low. (-10% MP)
((Your thick and shaggy fur keeps you warm. (AC +3, rC+)))
You do not regenerate when monsters are visible.
You have a slow metabolism.
You cannot study or use magical devices.
You cannot study or cast Air magic.
You cannot study or cast Charms magic.
You cannot study or cast Necromancy magic.
You are slightly vulnerable to magic. (MR-)
Your sharp claws are effective at attacking unaware monsters.
You are missing an eye, making it more difficult to aim.
Your mind is acute. (Int +2)
Your flesh is heat resistant. (rF+)
Your spells are a little easier to cast, but a little less powerful.


Message History

The iron troll completely misses you. x3
The deep troll shaman calls upon its god to strengthen the iron troll.
The iron troll seems to grow stronger.
Unknown command.
You eviscerate the cyan ugly thing!!!!
You kill the cyan ugly thing!
The deep troll shaman barely misses you.
The deep troll shaman claws you but does no damage.
The deep troll shaman claws you. The iron troll misses you.
The iron troll claws you!!
* * * LOW HITPOINT WARNING * * *
The iron troll claws you.
* * * LOW HITPOINT WARNING * * *
You miss the deep troll shaman. You bite the deep troll shaman.
The deep troll shaman is heavily wounded.
Unknown command.
You mangle the deep troll shaman!!
You kill the deep troll shaman!
The iron troll bites you!!
You die...

#######.......
................
.............(.
$.............## #
................#.#
..................#
..........†).......
...).....(((.......
........().8†......
.......†(.).T......
........(........[.
..........#........
......∩..###.......
..........#........
....................
#.......?...........
##...............$..


You could see an iron troll.

Vanquished Creatures
  Margery (Vaults:4)
  Xtahua (Vaults:4)
  Jorgrun (Elf:2)
  2 tentacled monstrosities
  3 deep elf blademasters
  5 titans
  2 deep elf master archers (Elf:3)
  4 liches
  An acid blob (shapeshifter) (Vaults:5)
  4 sphinxes
  An ancient champion (Vaults:2)
  Polyphemus (Shoals:4)
  Agnes (Elf:2)
  Ilsuiw (Shoals:3)
  A revenant (Vaults:2)
  A storm dragon (Vaults:5)
  5 shadow dragons
  Donald (Vaults:4)
  10 tengu reavers
  6 fire giants
  2 orc warlords (Vaults:2)
  19 vault wardens
  4 frost giants
  Aizul (Spider:1)
  2 ghost moths (Spider:4)
  5 deep elf sorcerers
  2 iron dragons (Vaults:4)
  7 emperor scorpions
  21 ironheart preservers
  8 deep elf elementalists
  4 war gargoyles (Vaults:5)
  12 stone giants
  9 very ugly things
  2 large abominations (Vaults:4)
  5 deep elf demonologists
  5 small abominations
  5 entropy weavers
  A dire elephant (D:15)
  A white draconian (IceCv)
  14 deep elf death magi
  11 deep elf annihilators
  An eidolon (Vaults:2)
  A minotaur (Shoals:3)
  Snorg (Lair:3)
  A fire dragon (shapeshifter) (Vaults:5)
  10 ettins
  5 fire dragons
  3 merfolk javelineers
  10 merfolk impalers
  11 yaktaur captains
  6 hydras
  A rakshasa (Vaults:2)
  37 vault guards
  5 deep elf high priests
  5 great orbs of eyes
  6 ice dragons
  A death knight (Vaults:3)
  2 catoblepae
  5 merfolk aquamancers
  A two-headed ogre (shapeshifter) (Vaults:4)
  39 two-headed ogres
  A merfolk avatar (Shoals:3)
  6 satyrs
  8 centaur warriors
  31 dancing weapons
  11 ogre magi
  2 deep troll shamans
  13 death yaks
  3 deep troll earth magi (Vaults:2)
  21 deep elf knights
  Nergalle (Lair:4)
  A shadow wraith (Vaults:4)
  8 hell knights
  A sixfirhy (Lair:6)
  3 unseen horrors
  5 glowing orange brains
  A swamp dragon (shapeshifter) (Vaults:1)
  2 flayed ghosts
  6 wizards
  11 ironbrand convokers
  3 sea snakes
  A swamp dragon (Vaults:2)
  9 deep trolls
  14 deep elf archers
  16 harpies
  4 phantasmal warriors
  4 necromancers
  2 lindwurms (shapeshifter)
  17 orb spiders
  83 deep elf magi
  40 ugly things
  22 fauns
  5 orc sorcerers
  26 wolf spiders
  14 orc knights
  14 manticores
  6 cyclopes
  A moth of wrath (Spider:4)
  4 elephants
  4 water nymphs
  11 merfolk sirens
  Maurice (D:9)
  A naga mage (D:15)
  4 torpor snails
  A black mamba (Lair:2)
  The ghost of
  1994 the Gusty, a novice TeAE of Vehumet (D:6)
  2 rust devils (D:13)
  10 spiny frogs
  2 spiny frogs (shapeshifter)
  18 vault sentinels
  A molten gargoyle (Volcano)
  An ice statue (IceCv)
  7 gargoyles
  A water nymph (shapeshifter) (Vaults:2)
  2 orange demons
  2 centaur skeletons
  A kobold demonologist (D:11)
  6 komodo dragons
  A yaktaur (shapeshifter) (Vaults:3)
  4 rime drakes
  45 yaktaurs
  An ice devil (Lair:6)
  3 efreet
  11 freezing wraiths
  A komodo dragon (shapeshifter) (Vaults:4)
  A hellwing (Lair:6)
  10 demonic crawlers
  A queen bee (shapeshifter) (Depths:1)
  9 meliai
  8 trolls
  47 merfolk
  24 jumping spiders
  A queen bee (Lair:2)
  3 red devils (Lair:6)
  5 wind drakes
  2 hornets
  11 blink frogs
  12 polar bears (IceCv)
  A hornet (shapeshifter) (Vaults:4)
  16 slime creatures
  6 dream sheep
  A meliai zombie (D:13)
  14 hippogriffs
  8 snapping turtles
  3 air elementals
  20 tarantellas
  54 redbacks
  A spriggan (shapeshifter) (Vaults:2)
  4 wraiths
  7 wyverns
  39 yaks
  4 basilisks
  6 humans
  21 water elementals
  3 hungry ghosts
  5 fire elementals
  A basilisk (shapeshifter) (D:13)
  4 hogs (D:7)
  A yaktaur simulacrum (Vaults:2)
  Grum (D:8)
  8 vampire mosquitoes
  A hog (shapeshifter) (Vaults:2)
  A warg (shapeshifter) (Elf:1)
  3 steam dragons
  5 wargs
  3 soldier ants
  8 water moccasins
  An acid dragon (D:12)
  7 porcupines
  12 hell hounds
  6 sky beasts
  2 ice beasts
  30 orc warriors
  2 phantoms
  An eye of draining (D:12)
  5 boggarts (Depths:1)
  A necrophage (D:6)
  54 ogres
  34 wolves
  32 centaurs
  17 crocodiles
  An elf zombie (Ossuary)
  2 big kobolds
  3 earth elementals
  15 bullfrogs
  A gnoll sergeant (D:11)
  A wyvern skeleton (D:14)
  3 scorpions
  38 killer bees
  3 human simulacra
  5 wights
  2 electric eels
  4 howler monkeys
  3 centaur zombies
  6 crimson imps
  3 bullfrog zombies
  10 hounds
  A quasit (D:12)
  7 jellies
  A bullfrog skeleton (D:11)
  25 orc priests
  19 orc wizards
  3 iguanas
  6 hell rats
  6 worker ants
  A big kobold zombie (Ossuary)
  A hound zombie (D:7)
  A mummy (Ossuary)
  A worker ant zombie (D:11)
  16 gnolls
  2 howler monkey skeletons
  18 river rats
  15 adders
  5 shadow imps
  2 oozes
  2 adder zombies (Ossuary)
  3 adder skeletons
  2 worms
  2 dart slugs
  6 leopard geckos
  99 orcs
  4 giant cockroaches
  6 goblins
  11 hobgoblins
  14 jackals
  14 kobolds
  8 quokkas
  8 bats
  3 frilled lizards
  9 hobgoblin zombies (Ossuary)
  A jackal skeleton (D:5)
  5 jackal zombies
  9 kobold zombies (Ossuary)
  10 orc zombies (Ossuary)
  18 rats
  4 crawling corpses
  2 fungi
  47 plants
2009 creatures vanquished.

Vanquished Creatures (others)
  A vault warden (Vaults:4)
  An emperor scorpion (Spider:3)
  A deep elf elementalist (Elf:3)
  A merfolk javelineer (Shoals:3)
  2 ogre magi
  2 vault guards (Vaults:5)
  A hydra (D:15)
  A dancing weapon (Elf:3)
  A merfolk aquamancer (Shoals:1)
  3 two-headed ogres
  2 deep elf knights (Elf:2)
  A sea snake (Shoals:2)
  A deep troll (Vaults:4)
  3 deep elf magi
  A faun (Shoals:4)
  5 yaktaurs
  2 polar bears (IceCv)
  A jumping spider (Spider:2)
  A slime creature (Depths:1)
  2 hippogriffs
  A water elemental (Elf:3)
  6 yaks (IceCv)
  6 redbacks
  A water moccasin (D:9)
  An orc warrior (Vaults:2)
  5 wolves
  An ogre (Vaults:2)
  A bullfrog (D:6)
  A killer bee (Lair:2)
  A mummy (Ossuary)
  2 river rats (Lair:3)
  A leopard gecko (D:9)
  3 orcs
  A rat (Lair:3)
  2 crawling corpses
  19 fungi
  57 plants
142 creatures vanquished.

Grand Total: 2151 creatures vanquished

Notes
Turn   | Place    | Note
-------+----------+-------------------------------------------
     0 | D:1      | inc the Felid Monk began the quest for the Orb.
     0 | D:1      | Reached XP level 1. HP: 10/10 MP: 2/2
   202 | D:1      | Reached XP level 2. HP: 14/14 MP: 3/3
   694 | D:1      | Reached XP level 3. HP: 17/17 MP: 4/4
  1038 | D:2      | Found a hazy altar of Hepliaklqana.
  1039 | D:2      | Found a bloodstained altar of Trog.
  1039 | D:2      | Found a basalt altar of Yredelemnul.
  1040 | D:2      | Found a shadowy altar of Dithmenos.
  1040 | D:2      | Found an iron altar of Okawaru.
  1041 | D:2      | Found a sacrificial altar of Ru.
  1056 | D:2      | Became a worshipper of Ru the Awakened
  1066 | D:2      | Gained mutation: You are slightly vulnerable to magic. (MR-) [Ru sacrifice]
  1066 | D:2      | Reached * piety under Ru
  1442 | D:2      | Reached XP level 4. HP: 21/21 MP: 5/5
  1632 | D:2      | Reached skill level 5 in Unarmed Combat
  1891 | D:3      | Noticed Natasha
  1906 | D:3      | Noticed jazmu's ghost (amateur DsSk)
  2292 | D:4      | Reached XP level 5. HP: 18/24 MP: 6/6
  2297 | D:4      | Noticed an ogre
  2317 | D:3      | Found a radiant altar of Vehumet.
  2543 | D:4      | Noticed an ogre
  2618 | D:4      | Reached skill level 5 in Dodging
  2689 | D:4      | Killed from afar by an orc wizard
  2690 | D:4      | Reached XP level 4. HP: -1/21 MP: 5/5
  2793 | D:4      | Noticed Curus's ghost (amateur DsGl)
  3052 | D:4      | Gained mutation: You cannot study or cast Air magic. [Ru sacrifice]
  3052 | D:4      | Gained mutation: You cannot study or cast Necromancy magic. [Ru sacrifice]
  3052 | D:4      | Gained mutation: You cannot study or cast Charms magic. [Ru sacrifice]
  3052 | D:4      | Reached ** piety under Ru
  3113 | D:4      | Reached XP level 5. HP: 24/24 MP: 6/6
  3157 | D:4      | Reached skill level 6 in Dodging
  3325 | D:5      | Entered Level 5 of the Dungeon
  3452 | D:5      | Noticed an ogre
  3466 | D:5      | Killed an ogre
  3466 | D:5      | Reached skill level 7 in Dodging
  3466 | D:5      | Gained mutation: You are covered in thick fur. (AC +2) [Felid growth]
  3466 | D:5      | Reached XP level 6. HP: 28/28 MP: 7/7
  3510 | D:5      | Found a sand-covered staircase.
  3523 | Ossuary  | Entered an ossuary
  3713 | Ossuary  | Reached skill level 8 in Dodging
  3983 | Ossuary  | Reached XP level 7. HP: 30/31 MP: 8/8
  4033 | Ossuary  | Gained mutation: Your flesh is heat resistant. (rF+) [potion of mutation]
  4033 | Ossuary  | Gained mutation: Your spells are a little easier to cast, but a little less powerful. [potion of mutation]
  4033 | Ossuary  | Gained mutation: Your mind is acute. (Int +2) [potion of mutation]
  4196 | D:5      | Reached skill level 9 in Dodging
  4829 | D:6      | Noticed 1994's ghost (novice TeAE)
  4840 | D:6      | Reached skill level 10 in Dodging
  5503 | D:6      | Killed 1994's ghost
  5503 | D:6      | Reached skill level 11 in Dodging
  5503 | D:6      | Reached XP level 8. HP: 16/32 MP: 9/9
  5515 | D:6      | Reached skill level 12 in Dodging
  6139 | D:7      | Reached skill level 13 in Dodging
  6145 | D:7      | Gained mutation: Your magical capacity is low. (-10% MP) [Ru sacrifice]
  6145 | D:7      | Reached *** piety under Ru
  6842 | D:7      | Reached XP level 9. HP: 33/35 MP: 9/9
  6860 | D:7      | Reached skill level 14 in Dodging
  6980 | D:7      | Found a snail-covered altar of Cheibriados.
  7362 | D:7      | Reached skill level 15 in Dodging
  7678 | D:8      | Noticed Grum
  7747 | D:6      | Found a staircase to the Ecumenical Temple.
  8075 | D:6      | Found a burning altar of Makhleb.
  8196 | D:6      | Found a shimmering altar of Xom.
  8198 | D:6      | Found a deep blue altar of Sif Muna.
  8298 | D:4      | Reached skill level 16 in Dodging
  8712 | D:8      | Killed Grum
  8786 | D:8      | Found a hide-covered altar of Uskayaw.
  8828 | D:8      | Reached XP level 10. HP: 42/42 MP: 10/10
  8934 | D:8      | Reached skill level 17 in Dodging
  9328 | D:8      | Slain by a big kobold
  9329 | D:8      | Reached XP level 9. HP: -3/37 MP: 9/9
  9610 | D:8      | Gained mutation: You are missing an eye, making it more difficult to aim. [Ru sacrifice]
  9651 | D:8      | Found a shimmering altar of Xom.
  9887 | D:9      | Found a glowing silver altar of Zin.
  9927 | D:9      | HP: 1/38 [hippogriff (9)]
 10114 | D:9      | Noticed Maurice
 10138 | D:9      | Reached skill level 5 in Fighting
 10143 | D:9      | Killed Maurice
 10929 | D:9      | Reached XP level 10. HP: 40/46 MP: 10/10
 11126 | D:9      | Noticed a two-headed ogre
 11134 | D:9      | Killed a two-headed ogre
 11371 | D:10     | Entered Level 10 of the Dungeon
 11499 | D:10     | Found Hiumotau's Assorted Antiques.
 11499 | D:10     | Found Caish's Food Boutique.
 11912 | D:10     | Found Sonifail's Gadget Emporium.
 12124 | D:10     | Found Zybraga's General Store.
 12204 | D:10     | Bought a potion of heal wounds for 80 gold pieces
 12204 | D:10     | Bought a potion of might for 64 gold pieces
 12360 | D:10     | Gained mutation: You cannot study or use magical devices. [Ru sacrifice]
 12360 | D:10     | Reached **** piety under Ru
 12360 | D:10     | Reached ***** piety under Ru
 12650 | D:11     | Noticed a green ugly thing
 12880 | D:11     | Found Juticac's Jewellery Emporium.
 13792 | D:11     | Killed a green ugly thing
 13792 | D:11     | Reached skill level 10 in Unarmed Combat
 13866 | D:11     | Reached XP level 11. HP: 35/49 MP: 10/10
 13988 | D:11     | Found a staircase to the Lair.
 14586 | D:12     | Found Luacw's General Store.
 14586 | D:12     | Found a staircase to the Orcish Mines.
 14586 | D:12     | Noticed a two-headed ogre
 15409 | D:12     | Noticed a two-headed ogre
 15460 | D:12     | Noticed a deep elf mage
 15621 | D:12     | Killed a deep elf mage
 15653 | D:12     | Found Guwiaf's Antique Weapon Boutique.
 15709 | D:12     | Bought a scroll of identify for 28 gold pieces
 15709 | D:12     | Bought a scroll of blinking for 105 gold pieces
 15734 | D:12     | Found Ehalu's Antique Armour Emporium.
 15746 | D:12     | Found a shadowy altar of Dithmenos.
 15803 | D:12     | Found Sutusyli's Magic Scroll Shoppe.
 15808 | D:12     | Bought a scroll of identify for 28 gold pieces
 15825 | D:12     | Noticed a purple ugly thing
 15830 | D:12     | Killed a purple ugly thing
 16094 | D:12     | Killed a two-headed ogre
 16141 | D:12     | Killed a two-headed ogre
 16190 | D:12     | Found Atimniqo's Magic Scroll Shop.
 16219 | D:12     | Bought a scroll of identify for 26 gold pieces
 16256 | D:12     | Gained mutation: You do not regenerate when monsters are visible. [Ru sacrifice]
 16256 | D:12     | Reached ****** piety under Ru
 16645 | Lair:1   | Entered Level 1 of the Lair of Beasts
 16660 | Lair:1   | Gained mutation: Your thick and shaggy fur keeps you warm. (AC +3, rC+) [Felid growth]
 16660 | Lair:1   | Reached XP level 12. HP: 55/55 MP: 6/11
 16739 | Lair:1   | Noticed a five-headed hydra
 16957 | Lair:1   | Noticed an ice dragon
 16966 | Lair:1   | Killed an ice dragon
 17087 | Lair:1   | Found a dark tunnel.
 17094 | Volcano  | Entered a volcano
 17143 | Volcano  | Found a bloodstained altar of Trog.
 17149 | Volcano  | Noticed a stone giant
 17186 | Volcano  | Killed a stone giant
 17921 | Lair:2   | Noticed a death yak
 17927 | Lair:2   | Noticed a death yak
 17927 | Lair:2   | Noticed a death yak
 17927 | Lair:2   | Noticed a death yak
 18187 | Lair:2   | Killed a death yak
 18484 | Lair:2   | Reached skill level 10 in Stealth
 18519 | Lair:2   | Found a frozen archway.
 18527 | IceCv    | Entered an ice cave
 19148 | IceCv    | Noticed a death yak
 19173 | IceCv    | Killed a death yak
 20115 | IceCv    | Noticed a white draconian
 20115 | IceCv    | Noticed a death yak
 20119 | IceCv    | Reached skill level 10 in Fighting
 20119 | IceCv    | Killed a death yak
 20119 | IceCv    | Reached XP level 13. HP: 49/61 MP: 12/12
 20119 | IceCv    | Killed a white draconian
 21094 | Lair:2   | HP: 3/63 [poisoned by a black mamba]
 21100 | Lair:2   | HP: 2/63 [poisoned by a black mamba]
 21108 | Lair:2   | HP: 2/63 [poisoned by a black mamba]
 21533 | Lair:2   | Killed from afar by a rime drake
 21534 | Lair:2   | Reached XP level 12. HP: -2/60 MP: 11/11
 23431 | Lair:3   | Noticed Snorg
 23438 | Lair:3   | Killed Snorg
 24025 | Lair:3   | Found a hole to the Spider Nest.
 24478 | Lair:4   | Noticed Nergalle
 24516 | Lair:4   | Killed Nergalle
 25041 | Lair:4   | Found a staircase to the Shoals.
 25450 | Lair:5   | Reached XP level 13. HP: 64/64 MP: 12/12
 26626 | Lair:6   | Entered Level 6 of the Lair of Beasts
 26666 | Lair:6   | HP: 3/64 [poisoned by a spiny frog]
 27176 | Lair:1   | Slain by a five-headed hydra
 27177 | Lair:1   | Reached XP level 12. HP: -1/61 MP: 8/11
 27303 | Orc:1    | Entered Level 1 of the Orcish Mines
 27310 | Orc:1    | Paralysed by an orc sorcerer for 3 turns
 27314 | Orc:1    | Found Simolah's Book Shop.
 27640 | Orc:2    | Entered Level 2 of the Orcish Mines
 27683 | Orc:2    | Found a staircase to the Elven Halls.
 27728 | Orc:2    | Noticed a two-headed ogre
 27728 | Orc:2    | Noticed a two-headed ogre
 27728 | Orc:2    | Noticed a two-headed ogre
 27730 | Orc:2    | Noticed an ogre mage
 27730 | Orc:2    | Noticed an ogre mage
 27730 | Orc:2    | Noticed a two-headed ogre
 27730 | Orc:2    | Noticed a two-headed ogre
 27731 | Orc:2    | Found Igoac's Gadget Emporium.
 27731 | Orc:2    | Found Caysev's Antique Armour Boutique.
 27731 | Orc:2    | Noticed a two-headed ogre
 27731 | Orc:2    | Noticed an ogre mage
 27731 | Orc:2    | Noticed an ogre mage
 27732 | Orc:2    | Found Vaucal's Food Boutique.
 27732 | Orc:2    | Found Mudout's General Store.
 27733 | Orc:2    | Noticed a two-headed ogre
 27734 | Orc:2    | Killed an ogre mage
 27734 | Orc:2    | Reached skill level 15 in Unarmed Combat
 27734 | Orc:2    | Killed an ogre mage
 27734 | Orc:2    | Killed a two-headed ogre
 27734 | Orc:2    | Killed a two-headed ogre
 27734 | Orc:2    | Killed a two-headed ogre
 27734 | Orc:2    | Killed a two-headed ogre
 27734 | Orc:2    | Killed an ogre mage
 27734 | Orc:2    | Killed a two-headed ogre
 27735 | Orc:2    | Killed a two-headed ogre
 27737 | Orc:2    | Killed a two-headed ogre
 27737 | Orc:2    | Reached XP level 13. HP: 64/64 MP: 4/12
 28440 | Orc:2    | Found Imuosibbua's Magic Scroll Shop.
 28751 | Elf:1    | Entered Level 1 of the Elven Halls
 28751 | Elf:1    | Noticed a deep elf annihilator
 28753 | Elf:1    | Killed a deep elf annihilator
 29184 | Elf:2    | Noticed a deep elf annihilator
 29187 | Elf:2    | Found Fughesac's Book Emporium.
 29187 | Elf:2    | Noticed a deep elf death mage
 29190 | Elf:2    | Killed a deep elf annihilator
 29190 | Elf:2    | Killed a deep elf death mage
 29192 | Elf:2    | Noticed Agnes
 29202 | Elf:2    | Killed Agnes
 29202 | Elf:2    | Reached XP level 14. HP: 69/69 MP: 7/13
 29624 | Elf:2    | Bought a book of the Earth for 1105 gold pieces
 29631 | Elf:2    | Learned a level 6 spell: Statue Form
 29706 | Elf:2    | Reached skill level 1 in Transmutations
 29706 | Elf:2    | Reached skill level 1 in Earth Magic
 30353 | Elf:2    | Reached skill level 5 in Transmutations
 30435 | Elf:2    | Found a huge runed gate.
 30435 | Elf:2    | Found a huge runed gate.
 30435 | Elf:2    | Found a huge runed gate.
 30441 | Elf:2    | Found a huge runed gate.
 30441 | Elf:2    | Found a huge runed gate.
 30469 | Elf:2    | Noticed Jorgrun
 30474 | Elf:2    | Noticed a deep elf blademaster
 31393 | Orc:2    | Learned a level 5 spell: Blade Hands
 31728 | D:13     | Found an ornate altar of the Wu Jian Council.
 32066 | Elf:3    | Entered Level 3 of the Elven Halls
 32366 | Elf:3    | Noticed a deep elf sorcerer
 32500 | Elf:3    | Found a radiant altar of Vehumet.
 32533 | Elf:3    | Found a radiant altar of Vehumet.
 32554 | Elf:3    | Reached XP level 15. HP: 53/72 MP: 9/14
 32821 | Elf:3    | Killed a deep elf sorcerer
 32912 | Elf:3    | Reached skill level 10 in Transmutations
 33178 | Elf:3    | Noticed a deep elf blademaster
 33178 | Elf:3    | Noticed a deep elf blademaster
 33203 | Elf:3    | Killed a deep elf blademaster
 33208 | Elf:3    | Killed a deep elf blademaster
 34097 | Elf:3    | Noticed a deep elf master archer
 34103 | Elf:3    | Killed a deep elf master archer
 34106 | Elf:3    | Noticed a deep elf sorcerer
 34314 | Elf:1    | Reached skill level 5 in Earth Magic
 35709 | D:13     | Found a runed door.
 35816 | D:13     | Reached XP level 16. HP: 76/76 MP: 15/15
 36323 | D:13     | Got a serpentine granite ring
 36494 | D:14     | Found a gate to the Vaults.
 36829 | D:14     | Found an opulent altar of Gozag.
 37081 | D:14     | Found a snail-covered altar of Cheibriados.
 37604 | D:14     | Identified 2 scrolls of acquirement
 37606 | D:14     | Identified the ring "Qothruad" {+Blink rElec rC+ MR+} (You took it off an orc on level 13 of the Dungeon)
 37853 | D:15     | Entered Level 15 of the Dungeon
 38340 | D:15     | Found a viscous altar of Jiyva.
 38434 | D:15     | Found Geathet's Assorted Antiques.
 38442 | D:15     | Found a hazy altar of Hepliaklqana.
 38461 | D:15     | Bought a twisted coral ring for 185 gold pieces
 38461 | D:15     | Bought a thick citrine amulet for 185 gold pieces
 38517 | D:15     | Learned a level 2 spell: Passwall
 38637 | D:15     | Reached skill level 10 in Earth Magic
 38803 | D:15     | Found a staircase to the Depths.
 38856 | D:15     | Found Myoronne's Gadget Shoppe.
 39240 | D:10     | Bought an opal ring for 160 gold pieces
 39291 | D:11     | Bought a +2 ring of intelligence for 112 gold pieces
 39291 | D:11     | Bought an uncursed ring of fire for 375 gold pieces
 39314 | D:11     | Got a flickering turquoise ring
 39316 | D:11     | Identified the ring of Makhleb's Whim {EV+4 Str+2 Slay+2} (You acquired it on level 11 of the Dungeon)
 40029 | Lair:6   | Found a viscous altar of Jiyva.
 40030 | Lair:6   | Found a staircase to the Slime Pits.
 40728 | Lair:6   | Reached skill level 1 in Spellcasting
 41041 | Lair:6   | Found a burning altar of Makhleb.
 41132 | Lair:6   | Found a gateway to Hell.
 41249 | Shoals:1 | Entered Level 1 of the Shoals
 41273 | Shoals:1 | Reached skill level 5 in Spellcasting
 41319 | Shoals:1 | Mangled by a merfolk
 41320 | Shoals:1 | Reached XP level 15. HP: -10/72 MP: 21/21
 42770 | Shoals:2 | Reached XP level 16. HP: 76/76 MP: 14/24
 44007 | Shoals:2 | Learned a level 1 spell: Summon Butterflies
 44966 | Spider:1 | Entered Level 1 of the Spider Nest
 45302 | Spider:1 | Noticed Aizul
 45321 | Spider:1 | Killed Aizul
 47159 | Spider:4 | Entered Level 4 of the Spider Nest
 47280 | Spider:4 | Reached XP level 17. HP: 68/79 MP: 15/27
 48608 | Spider:4 | Got a gossamer rune of Zot
 49368 | Shoals:3 | Found a hide-covered altar of Uskayaw.
 50094 | Shoals:4 | Entered Level 4 of the Shoals
 50177 | Shoals:4 | Noticed Polyphemus
 50227 | Shoals:4 | Killed Polyphemus
 50812 | Shoals:4 | Noticed Ilsuiw
 50828 | Shoals:3 | Killed Ilsuiw
 50970 | Shoals:3 | HP: 2/102 [water nymph/the raging water (20)]
 51636 | Shoals:4 | Reached XP level 18. HP: 85/85 MP: 22/28
 51680 | Shoals:4 | Noticed Roxanne
 51867 | Shoals:4 | Got a barnacled rune of Zot
 52521 | Vaults:1 | Entered Level 1 of the Vaults
 52628 | Vaults:1 | Found a portal to a secret trove of treasure.
 53524 | Vaults:1 | Reached skill level 15 in Fighting
 53612 | Vaults:1 | Learned a level 2 spell: Blink
 54255 | Vaults:2 | Found a staircase to the Crypt.
 54427 | Vaults:2 | Noticed a tentacled monstrosity
 54427 | Vaults:2 | Reached XP level 19. HP: 86/95 MP: 19/29
 56330 | Vaults:3 | Found Limufun's Food Shoppe.
 56344 | Vaults:3 | Noticed a lich
 56350 | Vaults:3 | Killed a lich
 56350 | Vaults:3 | Reached skill level 18 in Dodging
 56393 | Vaults:3 | Reached XP level 20. HP: 103/103 MP: 18/30
 56421 | Vaults:3 | Reached skill level 19 in Dodging
 57478 | Vaults:4 | Reached skill level 20 in Dodging
 57516 | Vaults:4 | Noticed Margery
 57521 | Vaults:4 | Killed Margery
 57813 | Vaults:4 | Reached skill level 21 in Dodging
 58028 | Vaults:4 | Noticed Xtahua
 58038 | Vaults:4 | Killed Xtahua
 58153 | Vaults:4 | Noticed Donald
 58161 | Vaults:4 | Killed Donald
 58361 | Vaults:4 | Reached skill level 22 in Dodging
 58619 | Vaults:5 | Entered Level 5 of the Vaults
 58641 | Vaults:5 | Reached XP level 21. HP: 75/106 MP: 10/31
 58664 | Vaults:4 | Reached skill level 23 in Dodging
 58986 | Vaults:4 | HP: 6/137 [shadow dragon (9)]
 59447 | Vaults:4 | Reached skill level 24 in Dodging
 59456 | Vaults:4 | Slain by an iron dragon
 59457 | Vaults:4 | Reached XP level 20. HP: -4/133 MP: 0/30
 60000 | Vaults:5 | Reached skill level 25 in Dodging
 60344 | Vaults:4 | Got a brightly glowing copper ring
 60345 | Vaults:4 | Identified the ring "Lugegad" {Str+4 Dex+2} (You acquired it on level 4 of the Vaults)
 60698 | Vaults:5 | Reached XP level 21. HP: 106/106 MP: 23/31
 60711 | Vaults:5 | Reached skill level 26 in Dodging
 61600 | Vaults:5 | Identified the Guide on Nocuous Fire
 61671 | Vaults:5 | Reached skill level 27 in Dodging
 61755 | Vaults:5 | Got a silver rune of Zot
 61893 | Vaults:5 | Identified Cygoest's Disquisition on the Blistering Rocks
 62381 | Elf:1    | Identified Sif Muna's Collected Works on Supportive Conjuration
 62598 | Elf:3    | Got a scintillating iron amulet
 62601 | Elf:3    | Identified the amulet "Dyim" {RegenMP -Tele Str+2 Int-3 Dex+6} (You took it off a deep elf death mage on level 3 of the Elven Halls)
 62831 | Elf:3    | Identified the Almanac of the Igneous Traveller
 62859 | Elf:3    | Found the +0 Maxwell's etheric cage {RegenMP+ *Contam rElec MP+4}
 62880 | Elf:3    | Learned a level 7 spell: Dragon Form
 63276 | Elf:2    | Reached skill level 15 in Transmutations
 63455 | Elf:2    | Killed Jorgrun
 63903 | Depths:1 | Entered Level 1 of the Depths
 63927 | Depths:1 | Found Udwair's Weapon Boutique.
 63998 | Depths:1 | Slain by an iron troll

Skill      XL: |  1  2  3  4  5  6  7  8  9 10 11 12 13 14 15 16 17 18 19 20 21 |
---------------+----------------------------------------------------------------+-----
Unarmed Combat | 4 5 6 10 13 15 17 18 19 20 | 20.3
Dodging        | 7 8 11 13 16 17 18 25 27 | 27.0
Fighting       | 6 7 12 11 13 16 18 | 18.7
Stealth        | 11 | 11.1
Transmutations | 9 12 13 14 16 | 16.2
Earth Magic    | 2 7 10 11 12 | 12.4
Spellcasting   | 6 8 |  8.4

Action                   |  1- 3 |  4- 6 |  7- 9 | 10-12 | 13-15 | 16-18 | 19-21 || total
-------------------------+-------+-------+-------+-------+-------+-------+-------++-------
Melee: Unarmed           |    97 |   253 |   730 |  1201 |   873 |  1610 |  1244 ||  6008
       Bite              |    16 |    30 |    98 |   196 |   111 |   184 |   156 ||   791
       Punch             |     1 |     9 |    23 |    90 |    66 |   162 |   119 ||   470
 Cast: Blade Hands       |       |       |       |       |    21 |    45 |       ||    66
       Statue Form       |       |       |       |       |       |    85 |    69 ||   154
Invok: Sacrifice Essence |     1 |       |     1 |       |       |       |       ||     2
       Sacrifice Arcana  |       |     1 |       |       |       |       |       ||     1
       Draw Out Power    |       |       |     4 |     7 |     3 |    11 |     3 ||    28
       Sacrifice an Eye  |       |       |     1 |       |       |       |       ||     1
       Power Leap        |       |       |       |    57 |    36 |    43 |    14 ||   150
       Apocalypse        |       |       |       |     4 |     7 |     3 |     7 ||    21
       Sacrifice Artific |       |       |       |     1 |       |       |       ||     1
       Sacrifice Purity  |       |       |       |     1 |       |       |       ||     1
 Abil: End Transformatio |       |       |       |       |       |     2 |       ||     2
Evoke: Wand              |       |       |       |     1 |       |       |       ||     1
  Use: Scroll            |     1 |     3 |     6 |    15 |    10 |     9 |    11 ||    55
       Potion            |       |     3 |     7 |     4 |    11 |     8 |     7 ||    40
 Stab: Sleeping          |    10 |    10 |    17 |    25 |    36 |    21 |    22 ||   141
       Distracted        |       |     2 |     7 |    17 |    28 |    24 |    18 ||    96
       Invisible         |       |       |     6 |     3 |     7 |    12 |     9 ||    37
       Paralysed         |       |       |       |    13 |    13 |    14 |    18 ||    58
       Petrified         |       |       |       |       |     1 |     1 |       ||     2
       Petrifying        |       |       |       |       |       |     1 |       ||     1
  Eat: Chunk             |       |     8 |    26 |    36 |    25 |    67 |    49 ||   211
       Ration            |       |       |       |       |     1 |    13 |       ||    14
Armor: Skin              |     1 |     8 |    14 |    25 |     9 |   237 |   239 ||   533
Dodge: Dodged            |    63 |   214 |   656 |  1245 |   649 |  2557 |  2117 ||  7501
